cohdb
Replays
Latest Replays
All Replays
Popular Replays
Top Player Replays
Match Explorer
How It Works
Community
CoH3 Stats
Reddit
Sign in to upload your games and track your stats! →
Sign in with Steam
Match 42366484
Unlisted
Match 42366484
Overview
Messages
Build Orders
End
Panzerpioneer Squad
Selects Panzerjäger Kommand Battlegroup
Selects Mine Fields
Panzergrenadier Squad
250 Light Carrier
Construct Light Support Kompanie
Selects GrB 39 Grenade Launcher Requisition
Fire Support Elements
Assault Grenadier Squad
Flakvierling Half-track
Vehicle Survival Package
Pak 38 Mechanized Group
Construct Panzerarmee Kommand
Selects Defensive Positions
Veteran Squad Leaders
Selects Crew Shock Tactics
Panzer III L Medium Tank
Selects Butterfly Bomb Drop
Panzer III L Medium Tank
Pak 38 Mechanized Group
MG34 Team
Panzer III L Medium Tank
Crew Shock Tactics
Msc1515
-AL- Nimahfrosch
HulkSMASH
⚓️Ruby⚓
0
0
Comments
sign in to comment!
No comments posted yet!